 Dungeon Crawl Stone Soup version 0.30.0 (webtiles) character file.

Game seed: 8645629591331060619

72410 Dani the Warrior (level 15, -3/171 HPs)
             Began as an Ogre Delver on May 11, 2023.
             Was an Elder of Okawaru.
             Splashed by a goliath frog's acid (6 damage)
             ... on level 3 of the Lair of Beasts.
             The game lasted 01:28:00 (29790 turns).

Dani the Warrior (Ogre Delver)                     Turns: 29790, Time: 01:28:01

Health: -3/171     AC: 12    Str: 26    XL:     15   Next: 39%
Magic:  20/20      EV: 11    Int: 11    God:    Okawaru [****..]
Gold:   2029       SH:  0    Dex: 10    Spells: 14/14 levels left

rFire   . . .        H - +4 morningstar (freeze)
rCold   + + .        (no shield)
rNeg    + . .        r - +0 ice dragon scales
rPois   .            (helmet restricted)
rElec   .            m - +1 cloak "Ahy Byext" {rN+ Will+ SInv}
rCorr   .            (gloves unavailable)
SInv    +            (boots unavailable)
Will    ++...        d - amulet of faith
Stlth   +            f - ring of protection from fire
HPRegen 0.48/turn    J - +4 ring of protection
MPRegen 0.17/turn

%: faith
@: corroded
A: large, unfitting armour, tough skin 1
a: Renounce Religion, Heroism, Finesse


You were on level 3 of the Lair of Beasts.
You worshipped Okawaru.
Okawaru was greatly pleased with you.
You visited 4 branches of the dungeon, and saw 20 of its levels.
You also visited: Bailey, Gauntlet and Ice Cave.

You collected 2029 gold pieces.

Inventory:

Hand Weapons
 b - a +2 sling of draining
   (You found it on level 4 of the Dungeon)
 H - a +4 morningstar of freezing (weapon)
   (You took it off a wight on level 9 of the Dungeon)
 L - a +4 morningstar
   (You took it off a wight on level 9 of the Dungeon)
Missiles
 x - 6 silver javelins (quivered)
 E - 4 curare-tipped darts
 F - 6 javelins
 Z - a throwing net
Armour
 j - +1 fire dragon scales
   (You found it in an ice cave)
 m - the +1 cloak "Ahy Byext" (worn) {rN+ Will+ SInv}
   (You found it in a Gauntlet)

   rN:        It protects you from negative energy.
   SInv:      It lets you see invisible.
   Will:      It increases your willpower.
 r - +0 ice dragon scales (worn)
   (You found it on level 6 of the Dungeon)
Jewellery
 d - an amulet of faith (around neck)
   (You found it in an ice cave)
 f - a ring of protection from fire (left hand)
   (You found it on level 6 of the Dungeon)
 n - a ring of positive energy
   (You found it on level 2 of the Dungeon)
 q - an amulet of reflection
   (You found it in an ice cave)
 s - a ring of see invisible
   (You found it on level 3 of the Dungeon)
 u - a +4 ring of protection
   (You found it in an ice cave)
 v - a ring of ice
   (You found it on level 2 of the Dungeon)
 J - a +4 ring of protection (right hand)
   (You found it on level 7 of the Dungeon)
 X - a ring of fire
   (You found it in an ice cave)
Wands
 g - a wand of polymorph (12)
   (You found it on level 3 of the Dungeon)
 C - a wand of mindburst (47)
   (You found it on level 2 of the Dungeon)
 D - a wand of digging (25)
 I - a wand of iceblast (26)
   (You found it on level 2 of the Lair of Beasts)
 P - a wand of paralysis (24)
   (You found it on level 7 of the Dungeon)
 V - a wand of flame (54)
   (You found it on level 7 of the Dungeon)
Scrolls
 c - 9 scrolls of fog
 h - 3 scrolls of vulnerability
 i - 11 scrolls of fear
 l - a scroll of silence
 w - 3 scrolls of enchant weapon
 A - 6 scrolls of teleportation {unknown}
 B - 3 scrolls of blinking
 G - 2 scrolls of brand weapon {unknown}
 K - 3 scrolls of poison
 M - 5 scrolls of magic mapping
 O - 2 scrolls of summoning {unknown}
 R - 4 scrolls of identify {@r1}
 S - 2 scrolls of enchant armour
 W - a scroll of noise {unknown}
Potions
 a - a potion of ambrosia
 e - a potion of cancellation {unknown}
 k - 5 potions of flight
 o - 7 potions of mutation {!q}
 p - 8 potions of might
 t - 3 potions of brilliance
 y - 3 potions of lignification
 z - 6 potions of heal wounds
 Q - 12 potions of curing {@q1}
 T - a potion of invisibility
 U - 2 potions of magic
 Y - 4 potions of attraction
Miscellaneous
 N - a condenser vane
   (You found it on level 9 of the Dungeon)


   Skills:
 + Level 16.3 Fighting
 * Level 15.9 Maces & Flails
 + Level 9.2 Armour
 + Level 10.3 Dodging
 - Level 3.7 Stealth
 + Level 6.9 Invocations
 + Level 2.4 Evocations


You had 14 spell levels left.
You didn't know any spells.
Your spell library contained the following spells:

 Spells                   Type           Power      Damage    Failure   Level
 Apportation              Tloc           0%         N/A       63%         1
 Beastly Appendage        Tmut           0%         N/A       63%         1
 Magic Dart               Conj           0%         1d3       63%         1
 Necrotise                Necr           0%         1d4       63%         1
 Sandblast                Erth           0%         2d4       63%         1
 Blink                    Tloc           0%         N/A       77%         2
 Cigotuvi's Dreadful Rot  Necr/Pois/Air  0%         N/A       77%         2
 Ensorcelled Hibernation  Hex/Ice        0%         N/A       77%         2
 Lesser Beckoning         Tloc           0%         N/A       77%         2
 Momentum Strike          Conj/Tloc      0%         3d8       77%         2
 Searing Ray              Conj           0%         2d4       77%         2
 Static Discharge         Conj/Air       0%         2-2/arc   77%         2
 Wereblood                Tmut           0%         N/A       77%         2
 Ignite Poison            Fire/Tmut/Pois 0%         N/A       94%         3
 Mephitic Cloud           Conj/Pois/Air  0%         N/A       94%         3
 Ozocubu's Armour         Ice            0%         N/A       94%         3
 Spider Form              Tmut/Pois      0%         N/A       94%         3
 Vampiric Draining        Necr           0%         2d6       94%         3
 Volatile Blastmotes      Fire/Tloc      0%         2d10      94%         3
 Airstrike                Air            0%         2d(0-16)  100%        4
 Anguish                  Hex/Necr       0%         N/A       100%        4
 Fulminant Prism          Conj/Hex       0%         3d5       100%        4
 Iskenderun's Mystic Bla  Conj/Tloc      0%         2d3       100%        4
 Agony                    Necr           0%         N/A       100%        5
 Alistair's Intoxication  Tmut/Pois      0%         N/A       100%        5
 Freezing Cloud           Conj/Ice/Air   0%         6-21      100%        5
 Lee's Rapid Deconstruct  Erth           0%         3d4*      100%        5
 Iron Shot                Conj/Erth      0%         9d1       100%        6
 Ozocubu's Refrigeration  Ice            0%         4d7       100%        7
 Storm Form               Tmut/Air       0%         N/A       100%        7
 Maxwell's Capacitive Co  Air            0%         ∞         100%        8
 Summon Small Mammal      Summ           Unusable   N/A       N/A         1
 Call Imp                 Summ           Unusable   N/A       N/A         2
 Summon Lightning Spire   Summ/Air       Unusable   N/A       N/A         4

Dungeon Overview and Level Annotations

Branches:
Dungeon (13/15)            Temple (1/1) D:4            Lair (5/5) D:8
  Swamp (1/4) Lair:3       Spider (0/4) Lair:2        Slime (0/5) Lair:5
    Orc (0/2) D:11         Bailey (visited)           IceCv (visited)
Gauntlet (visited)
 Vaults: D:13-14

Altars:
Ashenzari
Cheibriados
Dithmenos
Elyvilon
Gozag
Hepliaklqana
Kikubaaqudgha
Makhleb
Nemelex Xobeh
Okawaru
Qazlal
Ru
Trog
Uskayaw
Vehumet
Wu Jian
Xom
Yredelemnul
Zin
The Shining One

Annotations:
D:5 exclusions: sleepcap and 1 more exclusion
D:13 exclusion: 3 doors
Lair:2 2 transporters, Caerwyn's ghost, journeyman KoEn
Lair:5 1 runed translucent door


Innate Abilities, Weirdness & Mutations

You are too large for most types of armour.
You have tough skin. (AC +1)


Message History

The eleionoma is moderately wounded.
The eleionoma hits you but does no damage.
You bludgeon the eleionoma!! You freeze the eleionoma!
The eleionoma is almost dead.
The eleionoma touches a tree and draws upon its vitality.
The eleionoma is healed.
You beat the eleionoma like a drum!!!
You freeze the eleionoma!
The eleionoma is almost dead.
The eleionoma hurls a spray of splinters at you.
The spray of wooden splinters hits you but does no damage.
You sock the eleionoma! You freeze the eleionoma.
You kill the eleionoma!
Okawaru accepts your kill.
An eleionoma bone magically twists into a wand of iceblast (4).
No target in view!
No target in view!
I - a wand of iceblast (26) (gained 4 charges)
You see here an eleionoma corpse.
Search for what [Enter for "rP", or ? for help]? shield A will-o-the-wisp comes into view.
A will-o-the-wisp is nearby!
A will-o-the-wisp is nearby!
Unknown command.
What are your orders? t - Shout!
Orders for allies: a - Attack new target. r - Retreat! s - Stop attacking. g - Guard the area. f - Follow me.
Anything else - Cancel.
You shout for attention!
The will-o-the-wisp gives a chilling moan.
You hear a roar!
Found a stone staircase leading down.
The will-o-the-wisp blinks!
A goliath frog comes into view.
Found a book of the Wilderness.
A four-headed hydra comes into view.
The will-o-the-wisp gestures.
The will-o-the-wisp conjures some foxfire!
The four-headed hydra moves out of view.
You see here an eleionoma corpse.
The goliath frog hits you! The acid corrodes you!
You are splashed with acid!
The goliath frog barely misses you.
There is a staircase back to the Lair, spattered with blood here.
The goliath frog completely misses you.
You climb upwards.
Welcome back to the Lair of Beasts!
There is a staircase to the Swamp here.
You closely miss the goliath frog. The goliath frog hits you!
* * * LOW HITPOINT WARNING * * *
The acid corrodes you!
You are splashed with acid!
* * * LOW HITPOINT WARNING * * *
You puncture the goliath frog!
The goliath frog seems to slow down.
You freeze the goliath frog.
The goliath frog is heavily wounded.
You barely miss the goliath frog.
The goliath frog is heavily wounded.
The goliath frog hits you!!
* * * LOW HITPOINT WARNING * * *
You are splashed with acid!
* * * LOW HITPOINT WARNING * * *
You are too injured to fight recklessly!
You are too injured to fight recklessly!
You are too injured to fight recklessly!
You are too injured to fight recklessly!
You hit the goliath frog. You freeze the goliath frog.
The goliath frog is heavily wounded.
You hit the goliath frog.
The goliath frog seems to slow down.
You freeze the goliath frog.
The goliath frog is heavily wounded.
The goliath frog completely misses you.
You miss the goliath frog.
The goliath frog is heavily wounded.
You hit the goliath frog. You freeze the goliath frog.
The goliath frog is severely wounded.
The goliath frog hits you.
* * * LOW HITPOINT WARNING * * *
You are splashed with acid!
* * * LOW HITPOINT WARNING * * *
You closely miss the goliath frog.
The goliath frog is severely wounded.
You closely miss the goliath frog.
The goliath frog is severely wounded.
The goliath frog hits you!
* * * LOW HITPOINT WARNING * * *
You are splashed with acid!
* * * LOW HITPOINT WARNING * * *
You closely miss the goliath frog.
The goliath frog is severely wounded.
The goliath frog hits you!
* * * LOW HITPOINT WARNING * * *
You are splashed with acid!
* * * LOW HITPOINT WARNING * * *
You hit the goliath frog. You freeze the goliath frog.
The goliath frog is almost dead.
You hit the goliath frog but do no damage.
You punch the goliath frog.
The goliath frog is almost dead.
The goliath frog hits you!
* * * LOW HITPOINT WARNING * * *
You are splashed with acid.
You die...

.................#..P........###.
.....P...#P..##..............#...
.........#♣.##.........P.........
.........♣#.#♣.............#####.
.......♣♣♣♣♣♣♣♣..#♣##.#......#.##
..♣♣♣♣♣♣♣♣♣♣♣♣♣♣♣♣♣ ####...#.##..
♣♣♣~~≈~~~~~~♣~~§§§♣ ##......#...
.....♣.....♣..§§§§♣♣##........##.
.........♣.††♣§§@≈♣♣.......#.#.#.
♣♣♣~~≈~~♣~~~÷~§F§≈♣♣.......#.)#..
..♣♣♣♣♣♣♣♣♣♣♣♣♣♣♣♣♣........#..##.
#......♣♣ ♣♣♣♣♣ #........#.#[.#.
##.##...♣ #...# ###..#.P.#..###.
####..## #...######...##...#####
####....###....##.........#.###.#
#........#....####........##.#..#
##.......#....# ##..............


You could see a goliath frog (slow).

Vanquished Creatures
  An eleionoma (Swamp:1)
  A minotaur (Gauntlet)
  A white draconian (IceCv)
  A hydra (Lair:3)
  An alligator (Swamp:1)
  2 boulder beetles
  2 catoblepae
  3 two-headed ogres
  7 death yaks
  A tengu warrior (D:13)
  A swamp dragon (Swamp:1)
  3 bog bodies
  An orc knight (Bailey)
  A lindwurm (Lair:5)
  4 deep elf pyromancers
  2 wolf spiders (Lair:5)
  2 manticores
  2 cyclopes
  2 ice statues (IceCv)
  7 black mambas
  14 elephants
  Maurice (D:9)
  A guardian serpent (Lair:5)
  A black mamba (shapeshifter) (D:13)
  A molten gargoyle (Gauntlet)
  9 torpor snails
  A gargoyle (Gauntlet)
  An efreet (D:12)
  19 cane toads
  8 rime drakes
  8 komodo dragons
  Psyche (D:10)
  4 unseen horror zombies (D:9)
  4 trolls
  4 polar bears
  3 meliai (Gauntlet)
  4 tyrant leeches (Lair:5)
  11 hornets
  23 blink frogs
  A shadow (D:10)
  2 wraiths
  A jumping spider (Lair:2)
  13 wyverns
  2 vampires
  4 humans (D:13)
  4 basilisks
  51 yaks
  3 steam dragons
  4 vampire mosquitoes
  4 redbacks (Lair:5)
  An acid dragon (D:9)
  22 water moccasins
  3 swamp worms
  A black bear (Lair:3)
  6 orc warriors
  A sky beast (D:6)
  An ice beast (D:5)
  3 ogres
  5 wolves (Lair:2)
  6 centaurs
  A phantom (D:7)
  7 bullfrogs
  3 scorpions
  A gnoll sergeant (D:5)
  8 wights
  26 killer bees
  3 lindwurm simulacra (IceCv)
  3 electric eels
  3 howler monkeys (D:7)
  2 centaur zombies (D:9)
  4 komodo dragon simulacra (IceCv)
  6 jellies
  2 orc priests (D:8)
  2 hounds (D:6)
  An iguana (D:4)
  3 sleepcaps
  4 orc wizards
  6 hell rats (Lair:5)
  A killer bee zombie (D:9)
  Robin (D:3)
  A howler monkey zombie (D:9)
  6 acid dragon simulacra (IceCv)
  9 adders
  7 gnolls
  A white imp (D:8)
  An ufetubus (D:6)
  8 steam dragon simulacra (IceCv)
  2 worms
  2 dart slugs
  28 orcs
  6 endoplasms
  6 giant cockroaches
  23 goblins
  14 hobgoblins
  19 jackals
  4 quokkas
  9 ball pythons
  6 bats
  2 frilled lizards
  13 kobolds
  5 rats
560 creatures vanquished.

Vanquished Creatures (others)
  A molten gargoyle (Gauntlet)
  2 foxfires (Swamp:1)
  52 fungi
  111 plants
166 creatures vanquished.

Grand Total: 726 creatures vanquished

Notes
Turn   | Place    | Note
-------+----------+-------------------------------------------
     0 | D:5      | Dani the Ogre Delver began the quest for the Orb.
     0 | D:5      | Reached XP level 1. HP: 24/24 MP: 1/1
    21 | D:5      | Noticed a sleepcap
   138 | D:5      | Reached skill level 2 in Maces & Flails
   138 | D:5      | Reached XP level 2. HP: 32/32 MP: 2/2
   150 | D:5      | HP: 7/32 [gnoll/+0 whip (2)]
   185 | D:5      | HP: 8/32 [jackal (2)]
   192 | D:5      | HP: 7/32 [jackal (2)]
   205 | D:4      | HP: 7/33 [jackal (2)]
   711 | D:3      | Reached XP level 3. HP: 36/40 MP: 3/3
   795 | D:3      | Reached skill level 3 in Maces & Flails
   943 | D:4      | Reached XP level 4. HP: 21/49 MP: 4/4
  1381 | D:4      | Reached skill level 5 in Fighting
  1406 | D:4      | Found a staircase to the Ecumenical Temple.
  1439 | Temple   | Entered the Ecumenical Temple
  1485 | Temple   | Became a worshipper of Warmaster Okawaru
  2557 | D:2      | Found a faded altar of an unknown god.
  2630 | D:2      | Reached XP level 5. HP: 52/57 MP: 5/5
  2867 | D:2      | HP: 14/57 [adder (4)]
  2876 | D:2      | HP: 13/57 [jackal (3)]
  2879 | D:2      | HP: 6/57 [adder (2)]
  2884 | D:2      | HP: 9/57 [poisoned by an adder]
  3107 | D:2      | Reached skill level 4 in Maces & Flails
  4264 | D:3      | Noticed Robin
  4320 | D:3      | Reached XP level 6. HP: 63/67 MP: 6/6
  4360 | D:3      | Killed Robin
  4676 | D:4      | Reached skill level 6 in Fighting
  4772 | D:4      | Reached skill level 5 in Maces & Flails
  5315 | D:5      | HP: 16/67 [ogre/+0 giant spiked club (6)]
  5673 | D:5      | Reached XP level 7. HP: 76/76 MP: 7/7
  5720 | D:5      | HP: 3/76 [ogre/+0 giant spiked club (24)]
  5988 | D:5      | Identified a scroll of acquirement
  5988 | D:5      | Acquired a +2 morningstar of flaming
  6239 | D:5      | Reached skill level 6 in Maces & Flails
  6337 | D:5      | Reached skill level 7 in Fighting
  7045 | D:6      | Noticed a steam dragon
  7052 | D:6      | Killed a steam dragon
  7052 | D:6      | Reached * piety under Okawaru
  7053 | D:6      | Reached XP level 8. HP: 86/88 MP: 8/8
  7059 | D:6      | Reached skill level 7 in Maces & Flails
  7123 | D:6      | Reached skill level 8 in Fighting
  7318 | D:6      | Noticed a hornet
  7323 | D:6      | Killed a hornet
  7395 | D:6      | HP: 19/89 [poisoned by a water moccasin]
  7396 | D:6      | Reached skill level 1 in Invocations
  7400 | D:6      | HP: 18/89 [poisoned by a water moccasin]
  7636 | D:6      | Reached skill level 8 in Maces & Flails
  7877 | D:6      | Reached skill level 2 in Dodging
  7906 | D:6      | Reached skill level 2 in Invocations
  8121 | D:7      | Reached skill level 9 in Fighting
  8121 | D:7      | Reached XP level 9. HP: 98/98 MP: 10/10
  8139 | D:6      | Reached skill level 1 in Armour
  8637 | D:7      | Reached skill level 3 in Invocations
  8692 | D:7      | Reached skill level 3 in Dodging
  8877 | D:7      | Reached skill level 2 in Armour
  9236 | D:8      | Noticed a death yak
  9308 | D:8      | Noticed a death yak
  9308 | D:8      | Noticed a death yak
  9382 | D:8      | Found a flagged portal.
  9397 | Bailey   | Entered a bailey
  9414 | Bailey   | Reached skill level 9 in Maces & Flails
  9531 | Bailey   | Noticed an orc knight
  9550 | Bailey   | Killed an orc knight
  9550 | Bailey   | Reached ** piety under Okawaru
  9551 | Bailey   | Reached skill level 10 in Fighting
  9551 | Bailey   | Reached skill level 4 in Invocations
  9551 | Bailey   | Reached XP level 10. HP: 55/110 MP: 10/13
  9557 | Bailey   | Found a large runed translucent door.
  9557 | Bailey   | Found a large runed translucent door.
  9558 | Bailey   | Noticed a deep elf pyromancer
  9588 | Bailey   | Killed a deep elf pyromancer
  9589 | Bailey   | Reached skill level 3 in Armour
  9589 | Bailey   | Reached skill level 4 in Dodging
  9595 | Bailey   | Got Otoarang's Grimoire of Grounded Chilblains
  9605 | Bailey   | Identified the +1 ring mail of Foolhardiness {rElec rF-
                  | Str+3 Int+2}
  9970 | D:8      | Found a radiant altar of Vehumet.
  9970 | D:8      | Found a shimmering altar of Xom.
  9972 | D:8      | Found a bloodstained altar of Trog.
  9972 | D:8      | Found a shadowy altar of Dithmenos.
 10007 | D:8      | Found an ancient bone altar of Kikubaaqudgha.
 10230 | D:8      | Noticed a death yak
 10253 | D:8      | Killed a death yak
 10254 | D:8      | Reached skill level 5 in Invocations
 10263 | D:8      | Reached skill level 10 in Maces & Flails
 10279 | D:7      | Killed a death yak
 10279 | D:7      | Reached *** piety under Okawaru
 10766 | D:8      | Found a staircase to the Lair.
 10795 | D:8      | Noticed a death yak
 10807 | D:7      | Killed a death yak
 10808 | D:7      | Reached skill level 11 in Fighting
 10808 | D:7      | Reached skill level 4 in Armour
 10808 | D:7      | Reached skill level 5 in Dodging
 10808 | D:7      | Reached XP level 11. HP: 101/120 MP: 15/15
 10870 | D:7      | Killed a death yak
 10871 | D:7      | Reached skill level 6 in Invocations
 11020 | D:7      | Killed a death yak
 11412 | D:9      | Noticed Maurice
 11453 | Lair:1   | Entered Level 1 of the Lair of Beasts
 11485 | Lair:1   | Reached **** piety under Okawaru
 11494 | Lair:1   | Reached skill level 11 in Maces & Flails
 12627 | Lair:1   | Reached skill level 5 in Armour
 12627 | Lair:1   | Reached skill level 6 in Dodging
 12845 | Lair:2   | Reached skill level 12 in Fighting
 13078 | Lair:2   | Reached XP level 12. HP: 113/132 MP: 16/16
 13083 | Lair:2   | Reached ***** piety under Okawaru
 13245 | Lair:2   | Found a transporter.
 13285 | Lair:2   | Reached skill level 12 in Maces & Flails
 13668 | Lair:2   | Noticed a catoblepas
 13681 | Lair:2   | Killed a catoblepas
 13834 | Lair:2   | Found a hole to the Spider Nest.
 13905 | Lair:2   | Noticed Caerwyn's ghost (journeyman KoEn)
 13905 | Lair:2   | Noticed an eight-headed hydra
 13927 | Lair:2   | Found a transporter.
 14164 | Lair:2   | Reached skill level 6 in Armour
 14164 | Lair:2   | Reached skill level 7 in Dodging
 14845 | Lair:2   | Reached skill level 13 in Fighting
 15296 | Lair:3   | Identified the +1 triple sword of the Onslaught {protect,
                  | *Noise rElec rCorr SInv} (Okawaru gifted it to you on level
                  | 3 of the Lair of Beasts)
 15296 | Lair:3   | Received a gift from Okawaru
 15401 | Lair:3   | HP: 34/136 [poisoned by a black mamba]
 15863 | Lair:3   | HP: 20/136 [komodo dragon (22)]
 16664 | Lair:3   | Found the +7 captain's cutlass {speed, disarm}
 16664 | Lair:3   | Noticed a death yak
 16678 | Lair:3   | Killed a death yak
 16679 | Lair:3   | Reached skill level 13 in Maces & Flails
 16797 | Lair:3   | Noticed a six-headed hydra
 16797 | Lair:3   | Noticed a death yak
 16806 | Lair:3   | Killed a six-headed hydra
 16807 | Lair:3   | Reached XP level 13. HP: 105/144 MP: 14/17
 17314 | Lair:4   | Reached skill level 8 in Dodging
 17324 | Lair:4   | Identified the +2 buckler of Gozag, Cursing {Rampage rF-
                  | Str+6}
 17378 | Lair:4   | Reached skill level 7 in Armour
 17529 | Lair:4   | Found a gate leading to a gauntlet.
 17538 | Gauntlet | Entered a Gauntlet
 17538 | Gauntlet | Found a transporter.
 17538 | Gauntlet | Found a transporter.
 17539 | Gauntlet | Found a transporter.
 17539 | Gauntlet | Found a transporter.
 17553 | Gauntlet | Found a transporter.
 17559 | Gauntlet | Found a transporter.
 17561 | Gauntlet | Found a transporter.
 17574 | Gauntlet | Found a transporter.
 17595 | Gauntlet | Found a transporter.
 17596 | Gauntlet | Found the +7 Spriggan's Knife {stab, EV+4 Stlth+}
 17620 | Gauntlet | Found a transporter.
 17678 | Gauntlet | Found a transporter.
 17688 | Gauntlet | Found a transporter.
 17741 | Gauntlet | HP: 32/145 [catoblepas (6)]
 17756 | Gauntlet | Identified the +1 cloak "Ahy Byext" {rN+ Will+ SInv}
 17764 | Gauntlet | Received a gift from Okawaru
 17770 | Gauntlet | Reached skill level 14 in Fighting
 17773 | Gauntlet | Identified the staff of death "Banax" {rPois rN+ Str+2}
 18027 | Gauntlet | Identified the +2 pair of boots of Action {rC+ Regen+
                  | Str-5}
 18038 | Gauntlet | Identified the +4 trident of the Ghostly God {spect, rElec
                  | rPois}
 18038 | Gauntlet | Noticed a minotaur
 18046 | Gauntlet | Killed a minotaur
 18381 | Lair:4   | Found a snail-covered altar of Cheibriados.
 19312 | Lair:5   | Entered Level 5 of the Lair of Beasts
 19350 | Lair:5   | Found a staircase to the Slime Pits.
 19489 | Lair:4   | Reached skill level 14 in Maces & Flails
 19739 | Lair:5   | HP: 37/148 [elephant (2)]
 19745 | Lair:4   | HP: 30/148 [yak (2)]
 19752 | Lair:4   | HP: 21/148 [elephant (12)]
 19759 | Lair:4   | HP: 12/148 [yak (10)]
 20287 | Lair:5   | Reached XP level 14. HP: 147/157 MP: 18/18
 20319 | Lair:5   | Reached skill level 9 in Dodging
 20648 | Lair:5   | Found a runed translucent door.
 20701 | Lair:5   | Paralysed by a hornet for 2 turns
 20705 | Lair:5   | Reached skill level 8 in Armour
 20785 | Lair:5   | Reached skill level 15 in Fighting
 20826 | Lair:5   | HP: 30/159 [tyrant leech (14)]
 21231 | Lair:5   | Paralysed by a hornet for 2 turns
 21275 | Lair:5   | Paralysed by a hornet for 3 turns
 22495 | Lair:5   | Reached skill level 15 in Maces & Flails
 22663 | Lair:5   | Identified the +5 war axe of Joyjucat {freeze, rElec}
 22742 | Lair:5   | HP: 34/159 [poisoned by a redback]
 22746 | Lair:5   | Identified the +5 pair of gloves of Perfidy {+Inv}
 22747 | Lair:5   | HP: 26/159 [poisoned by a redback]
 23662 | Lair:5   | Identified the +0 animal skin "Memn" {+Inv Dex+4} (Okawaru
                  | gifted it to you on level 5 of the Lair of Beasts)
 23662 | Lair:5   | Received a gift from Okawaru
 24214 | D:9      | Killed Maurice
 24228 | D:9      | Found Futwebiu's Tiny Tomes.
 24918 | D:9      | Paralysed by a hornet for 2 turns
 25448 | D:10     | Entered Level 10 of the Dungeon
 25448 | D:10     | Noticed Psyche
 25457 | D:10     | Killed Psyche
 25489 | D:10     | Paralysed by a hornet for 2 turns
 25924 | D:10     | Identified the +5 dagger "Cuoje" {drain, MP+9 Int-3 Dex+3}
 26426 | D:11     | Reached skill level 10 in Dodging
 26500 | D:11     | Found a frozen archway.
 26505 | IceCv    | Entered an ice cave
 26562 | IceCv    | Reached skill level 1 in Evocations
 26655 | IceCv    | Reached XP level 15. HP: 150/169 MP: 19/19
 26794 | IceCv    | Reached skill level 16 in Fighting
 27333 | D:11     | Reached skill level 9 in Armour
 27406 | D:11     | Found a staircase to the Orcish Mines.
 28813 | D:13     | Reached skill level 2 in Evocations
 29549 | Lair:3   | Found a staircase to the Swamp.
 29571 | Swamp:1  | Entered Level 1 of the Swamp
 29787 | Lair:3   | HP: 39/171 [acid (7)]
 29788 | Lair:3   | HP: 19/171 [acid (7)]
 29790 | Lair:3   | HP: 3/171 [goliath frog (17)]
 29790 | Lair:3   | Splashed by a goliath frog's acid

Illustrated notes

Levels and vault maps discovered:
D:1:      onia_arrival_mini_spirals, layout_loops_ring, minmay_hedge_maze,
          minmay_strange_pillars, minmay_misc_feat_five, serial_park_tiny_2,
          kennysheep_nondescript, minmay_strange_pillars
D:2:      layout_basic, basic_ecumenical_altar, minmay_circle_x
D:3:      kennysheep_goblin_castle, layout_basic, dreamdust_mushroom_princess,
          grunt_ministairs_14
D:4:      layout_basic, minmay_temple_entry_offerings,
          nicolae_ossuary_entry_plus
D:5:      layout_loops_ring, lightli_minifort
D:6:      layout_basic, nicolae_zen_rock_garden, kennysheep_cross_room,
          serial_bayou_pond_e
D:7:      layout_loops_cross
D:8:      layout_loops_ring, grunt_temple_overflow_open, dpeg_lair_monsters,
          enter_bailey_4
D:9:      layout_rooms, serial_undead, serial_undead_a, serial_undead_e,
          serial_undead_c, serial_undead_f, nicolae_shop_i_like_small_books_too,
          chequers_serial_rivers_large_a, nzn_life_drinkers, uniq_maurice
D:10:     layout_cross, uniq_psyche
D:11:     layout_rooms, orc_0_dummy, portal_ice_cave_entry_pillars_2
D:12:     layout_loops_ring
D:13:     layout_cave_pods, grunt_vaults_entry_tiered
Temple:   nicolae_temple_bog_church
Lair:1:   layout_roguey, st_stairs_8
Lair:2:   layout_concentric_octagons, spider_nest_entry_a, nzn_ghost_randoct
Lair:3:   layout_gridlike, nicolae_swamp_entry_splash_gauntlet,
          minmay_shattered_shrine
Lair:4:   layout_gridlike, gauntlet_entry_generic, kennysheep_snail_temple,
          serial_bayou_shore_a
Lair:5:   hangedman_lair_tendril_chambers, layout_big_grid, wormcave,
          nicolae_slime_entry_field_trip, nicolae_volcano_entry_two_sided,
          infiniplex_staircase_pool_2
Swamp:1:  layout_basic_swamp, evilmike_swamp_ruin_house_4,
          infiniplex_staircase_pool

Skill      XL: |  1  2  3  4  5  6  7  8  9 10 11 12 13 14 15 |
---------------+----------------------------------------------+-----
Maces & Flails | 2 3 4 5 6 8 9 10 11 13 14 15 | 15.9
Fighting       | 5 6 7 9 10 11 12 13 14 15 16 | 16.3
Invocations    | 2 4 5 6 |  6.9
Dodging        | 2 3 5 6 7 8 10 | 10.3
Armour         | 2 4 5 6 7 8 9 |  9.2
Evocations     | 1 2 |  2.4
Stealth        | |  3.7

Action                     |  1- 3 |  4- 6 |  7- 9 | 10-12 | 13-15 || total
---------------------------+-------+-------+-------+-------+-------++-------
  Melee: Mace              |   101 |   197 |     2 |       |       ||   300
         Punch             |     2 |     5 |     6 |    14 |    27 ||    54
         Morningstar       |       |       |   153 |   545 |  1152 ||  1850
   Fire: Sling             |     1 |   106 |    74 |       |       ||   181
  Throw: Stone             |       |     1 |       |       |       ||     1
         Dart              |       |       |       |    19 |     8 ||    27
         Javelin           |       |       |       |       |    18 ||    18
 Invoke: Heroism           |       |       |     6 |    15 |    30 ||    51
         Finesse           |       |       |       |       |     5 ||     5
  Evoke: Wand              |     2 |       |     3 |       |     1 ||     6
    Use: Potion            |     2 |     2 |     3 |     1 |     4 ||    12
         Scroll            |     3 |     1 |    15 |     2 |     6 ||    27
   Stab: Sleeping          |     2 |    10 |     1 |       |       ||    13
         Distracted        |       |       |       |       |     1 ||     1
 Armour: Robe              |    32 |    93 |       |       |       ||   125
         Animal skin       |       |     3 |     9 |       |       ||    12
         Ice dragon scales |       |       |   100 |   245 |   637 ||   982
  Dodge: Dodged            |    49 |   170 |   107 |   199 |   582 ||  1107

Levels and vault maps discovered:
D:1:      onia_arrival_mini_spirals, layout_loops_ring, minmay_hedge_maze,
          minmay_strange_pillars, minmay_misc_feat_five, serial_park_tiny_2,
          kennysheep_nondescript, minmay_strange_pillars
D:2:      layout_basic, basic_ecumenical_altar, minmay_circle_x
D:3:      kennysheep_goblin_castle, layout_basic, dreamdust_mushroom_princess,
          grunt_ministairs_14
D:4:      layout_basic, minmay_temple_entry_offerings,
          nicolae_ossuary_entry_plus
D:5:      layout_loops_ring, lightli_minifort
D:6:      layout_basic, nicolae_zen_rock_garden, kennysheep_cross_room,
          serial_bayou_pond_e
D:7:      layout_loops_cross
D:8:      layout_loops_ring, grunt_temple_overflow_open, dpeg_lair_monsters,
          enter_bailey_4
D:9:      layout_rooms, serial_undead, serial_undead_a, serial_undead_e,
          serial_undead_c, serial_undead_f, nicolae_shop_i_like_small_books_too,
          chequers_serial_rivers_large_a, nzn_life_drinkers, uniq_maurice
D:10:     layout_cross, uniq_psyche
D:11:     layout_rooms, orc_0_dummy, portal_ice_cave_entry_pillars_2
D:12:     layout_loops_ring
D:13:     layout_cave_pods, grunt_vaults_entry_tiered
Temple:   nicolae_temple_bog_church
Lair:1:   layout_roguey, st_stairs_8
Lair:2:   layout_concentric_octagons, spider_nest_entry_a, nzn_ghost_randoct
Lair:3:   layout_gridlike, nicolae_swamp_entry_splash_gauntlet,
          minmay_shattered_shrine
Lair:4:   layout_gridlike, gauntlet_entry_generic, kennysheep_snail_temple,
          serial_bayou_shore_a
Lair:5:   hangedman_lair_tendril_chambers, layout_big_grid, wormcave,
          nicolae_slime_entry_field_trip, nicolae_volcano_entry_two_sided,
          infiniplex_staircase_pool_2
Swamp:1:  layout_basic_swamp, evilmike_swamp_ruin_house_4,
          infiniplex_staircase_pool

Table legend: (Time is in decaauts)
 A = Elapsed time spent in this place.
 B = Non-inter-level travel time spent in this place.
 C = Inter-level travel time spent in this place.
 D = Time resting spent in this place.
 E = Time spent auto-exploring this place.
 F = Levels seen in this place.
 G = Mean time per level.
                   A        B        C        D        E       F      G
               +--------+--------+--------+--------+--------+-----+--------+
         Total |  29566 |  27999 |   1567 |   2374 |  19131 |  23 | 1285.5 |
       Dungeon |  15619 |  14467 |   1152 |    842 |  10025 |  13 | 1201.5 |
        Temple |     62 |     46 |     16 |      0 |     33 |   1 |   62.0 |
          Lair |  12260 |  11861 |    399 |   1187 |   8408 |   5 | 2452.0 |
         Swamp |    119 |    119 |      0 |      0 |     73 |   1 |  119.0 |
        Bailey |    358 |    358 |      0 |     55 |    135 |   1 |  358.0 |
      Ice Cave |    655 |    655 |      0 |     71 |    311 |   1 |  655.0 |
      Gauntlet |    491 |    491 |      0 |    218 |    146 |   1 |  491.0 |
               +--------+--------+--------+--------+--------+-----+--------+

Top non-repeatable levels by time:
  Lair:5: 3326 daAuts
  Lair:3: 3075 daAuts
  Lair:4: 2864 daAuts
     D:7: 1815 daAuts
     D:5: 1759 daAuts
  Lair:2: 1664 daAuts
     D:4: 1478 daAuts
     D:2: 1416 daAuts
     D:3: 1413 daAuts
  Lair:1: 1329 daAuts
     D:9: 1222 daAuts
     D:8: 1185 daAuts
     D:6: 1131 daAuts
     D:1: 955 daAuts
    D:12: 940 daAuts

Table legend:
 A = Kills in this place as a percentage of kills in the entire game.
 B = Kills by you in this place as a percentage of kills by you in the entire game.
 C = Kills by friends in this place as a percentage of kills by friends in the entire game.
 D = Other kills in this place as a percentage of other kills in the entire game.
 E = Experience gained in this place as a percentage of experience gained in the entire game.
 F = Experience gained in this place divided by the number of levels of this place that you have seen.
                   A       B       C       D       E      F
               +-------+-------+-------+-------+-------+----------------------
         Total | 100.0 | 100.0 |   N/A |   N/A | 100.0 | 4497.6
       Dungeon |  53.0 |  53.0 |   N/A |   N/A |  28.9 | 2295.8
          Lair |  37.9 |  37.9 |   N/A |   N/A |  59.1 | 12217.0
         Swamp |   0.9 |   0.9 |   N/A |   N/A |   3.3 | 3397.0
        Bailey |   2.0 |   2.0 |   N/A |   N/A |   1.7 | 1803.0
      Ice Cave |   5.0 |   5.0 |   N/A |   N/A |   3.6 | 3772.0
      Gauntlet |   1.2 |   1.2 |   N/A |   N/A |   3.4 | 3542.0
               +-------+-------+-------+-------+-------+----------------------
